 Dungeon Crawl Stone Soup version 0.32-a0-818-gb728d0252e (webtiles) character file.

Game seed: 17541056087688686306

191 runemasterragnar the Shooter (level 5, -19/41 HPs)
             Began as a Coglin Hunter on Mar 24, 2024.
             Demolished by Menkaure (21 damage)
             ... on level 4 of the Dungeon.
             The game lasted 00:02:19 (2986 turns).

runemasterragnar the Shooter (Coglin Hunter)        Turns: 2986, Time: 00:02:20

Health: -19/41     AC:  3    Str: 11    XL:     5   Next: 70%
Magic:  5/5        EV: 11    Int:  8    God:
Gold:   228        SH:  0    Dex: 20    Spells: 4/4 levels left

rFire   + . .        g - +10 dagger of Awkwardness {flame, rPois rF+}
rCold   . . .        l - +2 dagger (venom) {Yolanda}
rNeg    . . .        c - +0 leather armour
rPois   +            (no helmet)
rElec   .            (no cloak)
rCorr   .            (no gloves)
SInv    .            (no boots)
Will    .....        (amulet unavailable)
Stlth   ++           (ring unavailable)
HPRegen 0.26/turn    (ring unavailable)
MPRegen 0.09/turn    (no gizmo)

%: no passive effects
@: revving
A: off-hand wielding, slow wielding, warmup strikes, no jewellery
a: Invent Gizmo


You were on level 4 of the Dungeon.
You visited 1 branch of the dungeon, and saw 4 of its levels.

You collected 228 gold pieces.

Inventory:

Hand Weapons
 a - a +2 sling {Gladwin}
 d - a +0 sling {Bojana}
 g - the +10 dagger of Awkwardness (weapon) {flame, rPois rF+}
   (You found it on level 3 of the Dungeon)

   rF+:       It protects you from fire.
   rPois:     It protects you from poison.
 l - a +2 dagger of venom (offhand) {Yolanda}
Missiles
 m - 3 javelins (quivered)
 n - 4 datura-tipped darts
 o - 3 poisoned darts
Armour
 c - a +0 leather armour (worn)
Scrolls
 b - a scroll of butterflies
 e - 2 scrolls of noise {unknown}
 f - 4 scrolls of brand weapon {unknown}
 h - 2 scrolls of teleportation {unknown}
 i - 2 scrolls of vulnerability {unknown}
 k - a scroll of poison {unknown}
 p - a scroll of revelation {unknown}
 q - a scroll of identify {unknown}
Potions
 j - a potion of curing {unknown}


   Skills:
 + Level 3.4 Fighting
 * Level 2.7 Short Blades
 - Level 4.1 Ranged Weapons
 - Level 2.2 Dodging
 - Level 1.4 Stealth


You had 4 spell levels left.
You didn't know any spells.
Your spell library contained the following spells:

 Spells                   Type           Power      Damage    Failure   Level
 Magic Dart               Conj           0%         1d3       50%         1
 Blink                    Tloc           0%         N/A       65%         2
 Call Imp                 Summ           0%         N/A       65%         2


Dungeon Overview and Level Annotations

Branches:
Dungeon (4/15)
 Temple: D:4-7

Altars:

Annotations:
D:4 Menkaure


Innate Abilities, Weirdness & Mutations

You can wield a second weapon in your off-hand.
It takes a long time for you to wield or remove held weapons.
Your first few attacks do less damage.
You cannot equip rings or amulets.


Message History

Key pressed, stopping explore.
No target in view!
Key pressed, stopping explore.
No target in view!
Found a stone staircase leading down.
You now have 228 gold pieces (gained 15).
q - a scroll labelled HEADWO UCSUOS No target in view!
No target in view!
No target in view!
Found a stone staircase leading up.
Menkaure, Prince of Dust comes into view.
Found a potion of heal wounds.
Menkaure calls on the powers of darkness!
Your body is wracked with pain!
Menkaure is nearby!
You are too injured to fight recklessly!
Menkaure is nearby!
You are too injured to fight recklessly!
You start resting.
Menkaure is nearby!
Throw: 4 javelins
Press: ? - help, Q - select action, (/) - cycle Shift-Dir - straight line, f - Menkaure
Aim: Menkaure (75% to hit)
You throw a javelin. The javelin pierces through Menkaure.
Menkaure is lightly damaged.
Unknown command.
Throw: 3 javelins
Press: ? - help, Q - select action, (/) - cycle Shift-Dir - straight line, f - you
Okay, then.
Menkaure hits you!!
Ouch! That really hurt!
* * * LOW HITPOINT WARNING * * *
You hit Menkaure with the +10 dagger of Awkwardness.
You burn Menkaure.
Menkaure is moderately damaged.
You hit Menkaure with your +2 dagger of venom.
Menkaure hits you!!
Ouch! That really hurt!
You die...

#..#.##........##
#...............M
######..............##
#...##..#........<...
..............#.#...#
#...............#...#
####.#..#.#.....#...#
####............#M..##.#
........###...!.@.......
.###...............(##.#
................#.......
..>.....................
.##...........!##..###.#
.##......##..#. ..# #
............... ...
............... ..##
.###


You could see Menkaure.

Vanquished Creatures
  A bombardier beetle (D:3)
  An orc priest (D:3)
  An orc wizard (D:3)
  4 adders
  A dart slug (D:2)
  2 ribbon worms
  6 orcs (D:3)
  3 bats
  7 endoplasms
  2 giant cockroaches
  4 goblins
  3 hobgoblins
  2 jackals (D:3)
  2 ball pythons
  2 frilled lizards
  5 kobolds
  15 rats
61 creatures vanquished.

Notes
Turn   | Place    | Note
-------+----------+-------------------------------------------
     0 | D:1      | runemasterragnar the Coglin Hunter began the quest for the
                  | Orb.
     0 | D:1      | Reached XP level 1. HP: 16/16 MP: 1/1
   127 | D:1      | Reached skill level 1 in Stealth
   542 | D:1      | Reached XP level 2. HP: 20/22 MP: 2/2
  1113 | D:2      | Reached skill level 4 in Ranged Weapons
  1113 | D:2      | Reached XP level 3. HP: 25/27 MP: 3/3
  1169 | D:2      | Found a faded altar of an unknown god.
  1716 | D:2      | You fall into a shaft and drop 1 floor!
  1954 | D:3      | Identified the +10 dagger of Awkwardness {flame, rPois rF+}
  1968 | D:3      | Reached skill level 1 in Short Blades
  1968 | D:3      | Reached XP level 4. HP: 33/34 MP: 4/4
  2407 | D:3      | Reached XP level 5. HP: 41/41 MP: 5/5
  2972 | D:4      | Noticed Menkaure
  2985 | D:4      | HP: 2/41 [Menkaure (24)]
  2986 | D:4      | Demolished by Menkaure

Illustrated notes

Levels and vault maps discovered:
D:1:      dpeg_arrival_refuge, layout_basic, minmay_rat_gold_closets
D:2:      layout_loops_corners, ebering_ecumenical_altar_mist,
          minmay_fractal_squares_gapless_5
D:3:      layout_basic, minmay_misc_feat_square, kennysheep_generic_room_7
D:4:      layout_basic, chequers_temple_overflow_statue_of_worship,
          uniq_menkaure

Skill      XL: |  1  2  3  4 |
---------------+-------------+-----
Stealth        | 1 |  1.4
Dodging        | 2 |  2.2
Ranged Weapons | 4 |  4.1
Short Blades   | 1 2 |  2.7
Fighting       | 3 |  3.4

Action                     |  1- 3 |  4- 6 || total
---------------------------+-------+-------++-------
  Melee: Dagger            |     2 |    55 ||    57
         Sling             |     2 |       ||     2
   Fire: Sling             |   156 |       ||   156
  Throw: Javelin           |       |     1 ||     1
    Use: Potion            |     1 |       ||     1
   Stab: Sleeping          |       |     6 ||     6
         Distracted        |       |     1 ||     1
 Armour: Leather armour    |    20 |     7 ||    27
  Dodge: Dodged            |    16 |    15 ||    31

Table legend: (Time is in decaauts)
 A = Elapsed time spent in this place.
 B = Non-inter-level travel time spent in this place.
 C = Inter-level travel time spent in this place.
 D = Time resting spent in this place.
 E = Time spent auto-exploring this place.
 F = Levels seen in this place.
 G = Mean time per level.
                   A        B        C        D        E       F      G
               +--------+--------+--------+--------+--------+-----+--------+
         Total |   3002 |   2744 |    258 |    128 |   2268 |   4 |  750.5 |
       Dungeon |   3002 |   2744 |    258 |    128 |   2268 |   4 |  750.5 |
               +--------+--------+--------+--------+--------+-----+--------+

Top non-repeatable levels by time:
     D:1: 1048 daAuts
     D:3: 999 daAuts
     D:2: 890 daAuts
     D:4: 65 daAuts
